 Dungeon Crawl Stone Soup version 0.20-a0-1122-gb7cbeb9 (webtiles) character file.

171 Alarkh the Digger (level 5, 35/35 HPs)
             Began as a Demonspawn Earth Elementalist on May 14, 2017.
             Got out of the dungeon alive.
             The game lasted 00:03:19 (3840 turns).

Alarkh the Digger (Demonspawn Earth Elementalist)   Turns: 3840, Time: 00:03:20

Health: 35/35      AC:  9    Str:  9    XL:     5   Next: 26%
Magic:  10/10      EV: 11    Int: 17    God:
Gold:   168        SH:  0    Dex: 13    Spells: 5/11 levels left

rFire    + . .     SeeInvis .   l - +0 dagger
rCold    . . .     Gourm    .   (no shield)
rNeg     . . .     Faith    .   A - +2 ring mail {rF+}
rPois    .         Spirit   .   (no helmet)
rElec    .         Reflect  .   (no cloak)
rCorr    .         Harm     .   h - +0 pair of gloves
MR       .....     Rnd*Tele +   (no boots)
Stlth    +.........             (no amulet)
Regen    0.2/turn               z - ring of teleportation (curse)
MPRegen  0.2/turn               m - +1 ring of protection

@: no status effects
A: rot immunity, sturdy frame 1
a: no special abilities


You escaped.
You were not hungry.

You visited 1 branch of the dungeon, and saw 4 of its levels.

You collected 168 gold pieces.

Inventory:

Hand Weapons
 l - a +0 dagger (weapon)
Missiles
 b - 90 stones (quivered)
Armour
 c - a +0 robe
 h - a +0 pair of gloves (worn)
 A - a +2 ring mail of fire resistance (worn)
Jewellery
 m - a +1 ring of protection (right hand)
 n - a +4 ring of strength
 z - a cursed ring of teleportation (left hand)
Scrolls
 e - a scroll of identify
 k - a scroll of random uselessness {unknown}
 r - a scroll of magic mapping {unknown}
 s - a scroll of immolation {unknown}
 t - a scroll of teleportation {unknown}
 y - a scroll of fog {unknown}
Potions
 a - 3 potions of might
 f - a potion of heal wounds
 g - 2 potions of curing {unknown}
 i - a potion of invisibility
 o - 2 potions of mutation {unknown}
 p - a potion of lignification
 v - a potion of cancellation
 w - a potion of degeneration {unknown}
Books
 q - a book of Geomancy

   Spells                             Type                      Level
   a - Sandblast                      Earth                        1
   b - Passwall                       Transmutation/Earth          2
   c - Stone Arrow                    Conjuration/Earth            3
   d - Petrify                        Transmutation/Earth          4
   e - Lee's Rapid Deconstruction     Earth                        5
Comestibles
 d - 3 bread rations
 j - 6 fruits
 u - 4 royal jellies


   Skills:
 - Level 1.7 Dodging
 - Level 1.7 Stealth
 + Level 3.7 Spellcasting
 + Level 1.6 Conjurations
 - Level 0.8 Transmutations
 + Level 4.0 Earth Magic


You had 5 spell levels left.
You knew the following spells:

 Your Spells              Type           Power        Failure   Level  Hunger
a - Sandblast             Erth           ###...       5%          1    None
b - Passwall              Tmut/Erth      ##........   16%         2    ##.....
c - Stone Arrow           Conj/Erth      ##....       26%         3    ###....


Dungeon Overview and Level Annotations

Branches:
Dungeon (4/15)
 Temple: D:4-7

Altars:


Innate Abilities, Weirdness & Mutations

You are immune to rotting.
Your movements are slightly less encumbered by armour. (ER -2)


Message History

Casting: Sandblast
Confirm with . or Enter, or press ? or * to list all spells.
You can't see any susceptible monsters within range! (Use Z to cast anyway.)
There is a stone staircase leading up here.
You climb upwards.
There is a stone staircase leading down here.
Magic restored.
You see here a club.
HP restored.
There is an open door here.
There is a stone staircase leading up here.
You climb upwards.
There is a stone staircase leading down here.
There is a stone staircase leading up here.
You climb upwards.
There is a stone staircase leading down here.
You see here a chain mail.
There is a staircase leading out of the dungeon here.
Are you sure you want to leave the Dungeon?
This will make you lose the game!
You have escaped!

# #..#...#.#...#.#..........#
#####..###.###.###.###.#.####.###
.........#.[...#.....#.#.# #..>.
######.###.###.#.###.#.#.# #####
#####..#...#.#.#.#.#.#...####
.......#####.#.###.###.##...#
..........)..#............#.###
#####..#####.#.###.###........###
#..#...#.#.#@#.#.#.....##...#
#..###.###.#.###.#........#.#
##...#.....#.....#....#.###.#
#.###.###.###.###.#....###..
#.#...#.#...#.#...)....)....
#.#####.#####.###...#.####..
#..............[..###.# ###
#.........#......## #.#
#########..##########.#


There were no monsters in sight!

Vanquished Creatures
  The ghost of Phong the Conjurer, a weakling OpCj of Sif Muna (D:3)
  2 worker ants (D:4)
  A worker ant zombie (D:3)
  An ooze (D:2)
  2 worms
  4 leopard geckos
  An orc (D:3)
  A ball python (D:1)
  A giant cockroach (D:3)
  14 goblins
  8 hobgoblins
  2 jackals (D:2)
  7 kobolds
  5 bats
  6 frilled lizards
  9 rats
65 creatures vanquished.

Notes
Turn   | Place    | Note
-------+----------+-------------------------------------------
     0 | D:1      | Alarkh the Demonspawn Earth Elementalist began the quest for the Orb.
     0 | D:1      | Reached XP level 1. HP: 13/13 MP: 3/3
   198 | D:1      | Reached skill level 3 in Earth Magic
   418 | D:1      | Gained mutation: Your movements are slightly less encumbered by armour. (ER -2) [demonic ancestry]
   418 | D:1      | Reached XP level 2. HP: 18/19 MP: 3/5
  1286 | D:2      | Reached XP level 3. HP: 19/24 MP: 5/7
  2046 | D:2      | Learned a level 2 spell: Passwall
  2050 | D:2      | Learned a level 3 spell: Stone Arrow
  2931 | D:3      | Reached XP level 4. HP: 30/30 MP: 6/8
  3359 | D:3      | Noticed Phong's ghost (weakling OpCj)
  3368 | D:3      | Killed Phong's ghost
  3368 | D:3      | Reached skill level 1 in Conjurations
  3671 | D:4      | Gained mutation: You are immune to rotting. [demonic ancestry]
  3671 | D:4      | Reached XP level 5. HP: 35/35 MP: 4/10
  3732 | D:4      | Reached skill level 4 in Earth Magic
  3840 | D:$      | Got out of the dungeon alive.

Vault maps used:
D:1:      evilmike_arrival_hilbert_curve, serial_bayou_pond_a
D:3:      first_bread
D:4:      lemuel_zombie_altar_kikubaaqudgha, nicolae_ossuary_entry_catacombs,
          serial_forest, infiniplex_forest_straight_2,
          infiniplex_forest_clump_tiny, infiniplex_forest_lined_corner,
          infiniplex_forest_pool, infiniplex_forest_side_room,
          infiniplex_forest_lined_2, infiniplex_forest_clump_double

Skill      XL: |  1  2  3  4  5 |
---------------+----------------+-----
Earth Magic    | 3 4 |  4.0
Spellcasting   | 3 |  3.7
Conjurations   | 1 |  1.6
Dodging        | |  1.7
Stealth        | |  1.7
Transmutations | |  0.8

Action                   |  1- 3 |  4- 6 || total
-------------------------+-------+-------++-------
Melee: Unarmed           |    10 |       ||    10
       Dagger            |    75 |     9 ||    84
 Cast: Sandblast         |    51 |    25 ||    76
  Use: Scroll            |     4 |     2 ||     6
 Stab: Sleeping          |     3 |       ||     3
  Eat: Chunk             |     6 |     3 ||     9
Armor: Robe              |    26 |       ||    26
       Ring mail         |       |    14 ||    14
Dodge: Dodged            |    65 |    12 ||    77
